 Dungeon Crawl Stone Soup: Circus Animals version 1.7-37-g2c94cca (webtiles) character file.

2703 DarthKuruptios the Skirmisher (level 10, 0/132 (133) HPs) *STANDARD*
             Began as a Demonspawn Berserker on Oct 13, 2016.
             Was a High Priest of Trog.
             Slain by a 17-headed hydra (3 damage)
             ... on level 3 of the Lair of Beasts on Oct 17, 2016.
             The game lasted 00:57:54 (11352 turns).

DarthKuruptios the Skirmisher (DsBe)               Turns: 11352, Time: 00:57:55

HP:   0/132 (133)   AC: 14    Str: 18    XL:     10   Next: 38%
MP:   33/33         EV:  5    Int:  9    God:    Trog [*****.]
Gold: 524           SH:  9    Dex: 16    Spells: 0 memorised, 9 levels left

rFire  . . .     rPois    .     m - +3 broad axe (antimagic)
rCold  . . .     rElec    .     g - +0 chain mail
rNeg   . . .     rCorr    .     d - +1 shield MagicSh . . . SeeInvis .
                                (helmet restricted) StaminaSh . . . Faith .
                                c - +0 cloak RegenHP ++++......
SustAt .                        (no gloves) RegenSP +++....... Dismiss .
                                (no boots) RegenMP +......... Reflect .
                                (no amulet)
MR     .....     Harm     .     k - +3 ring of protection
Stlth  ..........               b - +2 ring of dexterity

@: exhausted, tired, slow, not resistant to hostile enchantments, extremely
unstealthy
A: antennae 1, hooves 2, rough black scales 1, sturdy frame 2, nightstalker 1,
powered by pain 1, robust 1, spiny 2, unfocussed dna 1
a: Berserk, Trog's Hand, Brothers in Arms, Burn Spellbooks, Renounce Religion


You were on level 3 of the Lair of Beasts.
You worshipped Trog.
Trog was extremely pleased with you.
You were not hungry.

You visited 2 branches of the dungeon, and saw 10 of its levels.
You also visited: Sewer.

You collected 524 gold pieces.

Inventory:

Hand Weapons
 a - a +1 hand axe
 m - a +3 antimagic broad axe (weapon)
Armour
 c - a +0 cloak (worn)
 d - a +1 shield (worn)
 g - a +0 chain mail (worn)
 i - a +0 pair of gloves
Jewellery
 b - a +2 ring of dexterity (left hand)
 e - an uncursed ring of protection from cold
 f - an uncursed ring of resist corrosion
 h - a +6 ring of intelligence
 j - an uncursed ring of sustain attributes
 k - a +3 ring of protection (right hand)
 n - an uncursed ring of stealth
 p - a +3 ring of intelligence
Wands
 l - a wand of teleportation (3/9)
 o - 3 wands of lightning (0/15)
 q - a wand of acid (4/15)
 r - a wand of iceblast (13/30)
 s - a wand of digging (12/24)
Scrolls
 f - 10 scrolls of teleportation
 i - 4 scrolls of enchant weapon
 l - 3 scrolls of magic mapping
 o - 3 scrolls of enchant armour
 p - 4 scrolls of remove curse
 q - 6 scrolls of fear
 t - a scroll of recharging
 u - 3 scrolls of fog
 v - 3 scrolls of blinking
 w - 2 scrolls of immolation
 y - a scroll of identify
Potions
 a - a potion of heal wounds
 b - 8 potions of stamina
 c - 7 potions of magic
 d - 4 potions of brilliance
 e - 2 potions of cure mutation
 g - a potion of cancellation {unknown}
 h - 12 potions of curing
 j - 2 potions of ambrosia
 k - 2 potions of might
 m - 3 potions of flight
 n - 2 potions of degeneration {unknown}
 r - 3 potions of haste
 s - 2 potions of berserk rage {unknown}
 x - 2 potions of mutation {unknown}
 z - 3 potions of lignification {unknown}
 A - 2 potions of invisibility {unknown}


   Skills:
 + Level 6.8 Fighting
 + Level 6.2 Axes
 + Level 4.3 Armour
 + Level 4.2 Dodging
 + Level 4.4 Shields


You had 9 spell levels left.
You didn't know any spells.

Dungeon Overview and Level Annotations

Branches:
Dungeon (7/7)                Lair (3/7) D:7           Snake (0/4) Lair:2
  Swamp (0/4) Lair:3
 Shoals: Lair:2-6

Altars:
Kikubaaqudgha
Trog

Shops:
D:6 [


Innate Abilities, Weirdness & Mutations

You have a pair of small antennae on your head.
You are partially covered in rough black scales. (AC +4, Dex -1)
Your movements are less encumbered by armour. (ER -4)
You are slightly more attuned to the shadows.
You sometimes gain a little power by taking damage.
You are mostly covered in sharp spines.
You have hoof-like feet.
You are robust. (+10% HP)
New mutations are less likely to enhance existing mutations.


Message History

The 16-headed hydra bites you. (hp-5)
* * * LOW HITPOINT WARNING * * *
The 16-headed hydra bites you but does no damage.
The 16-headed hydra misses you.
The 16-headed hydra bites you but does no damage.
The 16-headed hydra misses you.
The 16-headed hydra barely misses you. x2
The 16-headed hydra bites you. (hp-3)
* * * LOW HITPOINT WARNING * * *
The 16-headed hydra bites you but does no damage. x2
You are pushing your body beyond it's limits!
You lop one of the 16-headed hydra's heads off!
The 15-headed hydra grows two more! (mon hp+12)
You slash the 17-headed hydra! (mon hp-12)
You kick the 17-headed hydra, but do no damage.
You block the 17-headed hydra's attack.
The 17-headed hydra bites you! (hp-12) Damage (12) was greater than 30% of your hp (15)!!!
* * * LOW HITPOINT WARNING * * *; The 17-headed hydra closely misses you.
The 17-headed hydra bites you. (hp-2)
* * * LOW HITPOINT WARNING * * *; The 17-headed hydra bites you! (hp-10)
* * * LOW HITPOINT WARNING * * *; The 17-headed hydra bites you. (hp-3)
You die...

.#..##.. #.........
####..#
...#.....##.##...## .
..# #...##.. ....# .#
..###...##.####...# ..#
..##.....#....#...#....
...#8.>.8..............
.........#......@D.....
..###.8.##PP.#.####.P##
### #.#.#####.## #
##### ###


You could see a 17-headed hydra.

Vanquished Creatures
  Fannar (Lair:2)
  Erica (Lair:1)
  Pikel (D:6)
  A black mamba (Lair:2)
  2 spiny frogs (Lair:3)
  4 komodo dragons
  4 hippogriffs
  A basilisk (Lair:1)
  13 yaks
  Sigmund (D:5)
  8 water moccasins
  5 nagas (Lair:2)
  Edmund (D:5)
  3 phantoms
  3 black bears
  2 sky beasts (D:7)
  An ice beast (D:7)
  2 slaves (D:6)
  4 porcupines (Lair:1)
  7 ogres
  An orc warrior (D:7)
  7 crocodiles
  3 centaurs
  A big kobold (D:7)
  12 giant frogs
  A scorpion (D:7)
  An electric eel (Lair:3)
  2 giant frog zombies
  2 howler monkeys (D:5)
  Crazy Yiuf (D:2)
  4 crimson imps
  2 giant frog skeletons
  5 hounds
  3 jellies
  4 orc priests
  5 orc wizards
  8 iguanas
  4 worker ants
  12 sheep
  A hound zombie (D:6)
  A worker ant zombie (D:7)
  3 dart slugs
  A howler monkey skeleton (D:7)
  12 giant geckos
  7 oozes
  21 orcs
  26 adders
  14 ball pythons
  12 giant cockroaches
  8 gnolls
  16 goblins
  12 hobgoblins
  9 jackals
  4 quokkas
  17 river rats
  A shadow imp (D:6)
  5 worms
  An adder skeleton (D:5)
  2 adder zombies
  17 bats
  13 giant newts
  A jackal skeleton (D:4)
  15 kobolds
  A quokka skeleton (D:4)
  A quokka zombie (D:5)
  38 rats
  6 fungi (D:7)
  6 plants
414 creatures vanquished.

Vanquished Creatures (collateral kills)
  4 death yaks (Lair:2)
4 creatures vanquished.

Vanquished Creatures (others)
  A bat (D:1)
  5 fungi
  5 plants (Lair:2)
11 creatures vanquished.

Grand Total: 429 creatures vanquished

Notes
Turn   | Place    | Note
-------+----------+-------------------------------------------
     0 | D:1      | DarthKuruptios the Demonspawn Berserker began the quest for the Orb.
     0 | D:1      | Reached XP level 1. HP: 32/32 MP: 100/100
   304 | D:1      | Reached ** piety under Trog
   311 | D:1      | Gained mutation: Your movements are slightly less encumbered by armour. (ER -2) [demonic ancestry]
   311 | D:1      | Reached XP level 2. HP: 29/42 MP: 100/100
   499 | D:1      | Gained mutation: You have a pair of small antennae on your head. [demonic ancestry]
   499 | D:1      | Reached XP level 3. HP: 52/52 MP: 100/100
  1132 | D:2      | Reached *** piety under Trog
  1272 | D:2      | Found a runed door.
  1276 | D:2      | Noticed Crazy Yiuf
  1287 | D:2      | Killed Crazy Yiuf
  1757 | D:2      | Gained mutation: You are partially covered in rough black scales. (AC +4, Dex -1) [demonic ancestry]
  1757 | D:2      | Reached XP level 4. HP: 62/62 MP: 100/100
  2425 | D:3      | Reached **** piety under Trog
  2453 | D:3      | Found an ancient bone altar of Kikubaaqudgha.
  2464 | D:3      | Reached skill level 1 in Shields
  2544 | D:3      | Found a bloodstained altar of Trog.
  3498 | D:4      | Gained mutation: You are slightly more attuned to the shadows. [demonic ancestry]
  3498 | D:4      | Reached XP level 5. HP: 60/71 MP: 100/100
  3501 | D:4      | Reached ***** piety under Trog
  3828 | D:5      | Entered Level 5 of the Dungeon
  4007 | D:5      | Received a gift from Trog
  4321 | D:5      | Gained mutation: Your movements are less encumbered by armour. (ER -4) [demonic ancestry]
  4321 | D:5      | Reached XP level 6. HP: 74/82 MP: 100/100
  4593 | D:5      | Noticed Sigmund
  4608 | D:5      | Killed Sigmund
  5311 | D:5      | Noticed Edmund
  5338 | D:5      | Killed Edmund
  5539 | D:6      | Reached skill level 5 in Fighting
  5708 | D:6      | Found a glowing drain.
  5733 | Sewer    | Entered a sewer
  6089 | D:6      | Gained mutation: You are partially covered in sharp spines. [demonic ancestry]
  6089 | D:6      | Reached XP level 7. HP: 92/92 MP: 100/100
  6153 | D:6      | Noticed Pikel
  6181 | D:6      | Killed Pikel
  6181 | D:6      | Reached skill level 5 in Axes
  6534 | D:6      | Found Foib's Armour Emporium.
  7100 | D:6      | Received a gift from Trog
  7353 | D:7      | Entered Level 7 of the Dungeon
  7603 | D:7      | Gained mutation: You have large cloven feet. [potion of weak mutation]
  7604 | D:7      | Gained mutation: New mutations are less likely to enhance existing mutations. [potion of weak mutation]
  7605 | D:7      | Gained mutation: You have hoof-like feet. [potion of weak mutation]
  7606 | D:7      | Gained mutation: You are robust. (+10% HP) [potion of weak mutation]
  7695 | D:7      | Found a staircase to the Lair.
  8178 | D:7      | Reached ****** piety under Trog
  8180 | D:7      | Gained mutation: You sometimes gain a little power by taking damage. [demonic ancestry]
  8180 | D:7      | Reached XP level 8. HP: 109/109 MP: 33/100
  8258 | Lair:1   | Entered Level 1 of the Lair of Beasts
  8274 | Lair:1   | Received a gift from Trog
  8549 | Lair:1   | Noticed Erica
  8567 | Lair:1   | Killed Erica
  8567 | Lair:1   | Reached XP level 9. HP: 90/120 MP: 33/100
  9284 | Lair:2   | Noticed Fannar
  9414 | Lair:2   | Killed Fannar
  9495 | Lair:2   | Noticed a death yak
  9495 | Lair:2   | Noticed a death yak
  9495 | Lair:2   | Noticed a death yak
  9495 | Lair:2   | Noticed a death yak
  9726 | Lair:2   | Found a staircase to the Snake Pit.
 10173 | Lair:2   | Killed a death yak
 10175 | Lair:2   | Killed a death yak
 10176 | Lair:2   | Killed a death yak
 10176 | Lair:2   | Gained mutation: You are mostly covered in sharp spines. [demonic ancestry]
 10176 | Lair:2   | Reached XP level 10. HP: 133/133 MP: 33/100
 10181 | Lair:2   | Killed a death yak
 10898 | Lair:3   | Found a bloodstained altar of Trog.
 11244 | Lair:3   | Found a staircase to the Swamp.
 11331 | Lair:3   | Noticed a three-headed hydra
 11352 | Lair:3   | HP: 13/132 [17-headed hydra (2)]
 11352 | Lair:3   | HP: 3/132 [17-headed hydra (10)]
 11352 | Lair:3   | Slain by a 17-headed hydra

Skill      XL: |  1  2  3  4  5  6  7  8  9 10 |
---------------+-------------------------------+-----
Armour         | 2 3 4 |  4.3
Dodging        | 2 3 4 |  4.2
Fighting       | 4 5 6 |  6.8
Shields        | 1 2 3 4 |  4.4
Axes           | 4 5 6 |  6.2

Action                   |  1- 3 |  4- 6 |  7- 9 | 10-12 || total
-------------------------+-------+-------+-------+-------++-------
Melee: Hand axe          |   186 |   886 |    92 |       ||  1164
       Broad axe         |       |       |   461 |    96 ||   557
       Kick              |       |       |   129 |    35 ||   164
Invok: Trog's Hand       |     2 |     2 |     1 |       ||     5
       Berserk           |     1 |     1 |     1 |     1 ||     4
       Burn Spellbooks   |       |     1 |     2 |       ||     3
       Brothers in Arms  |       |       |     2 |       ||     2
Evoke: Wand              |       |       |     5 |       ||     5
  Use: Scroll            |     8 |    10 |     6 |       ||    24
       Potion            |       |     4 |    12 |       ||    16
 Stab: Sleeping          |     1 |     4 |       |       ||     5
Armor: Animal skin       |    67 |    49 |       |       ||   116
       Chain mail        |       |   419 |   384 |   111 ||   914
Dodge: Dodged            |   157 |   409 |   264 |    67 ||   897
Block: Shield            |    26 |   546 |   419 |    99 ||  1090
